 Dungeon Crawl Stone Soup version 0.27.0-1-g7a089689b8 (webtiles) character file.

Game seed: 13818977350894447224

1105 nxtlvl the Cruncher (level 8, -1/62 HPs)
             Began as a Human Gladiator on Aug 5, 2021.
             Was a Follower of Cheibriados.
             Slain by a wraith (7 damage)
             ... on level 5 of the Dungeon.
             The game lasted 00:28:37 (1668 turns).

nxtlvl the Cruncher (Human Gladiator)               Turns: 1668, Time: 00:28:38

Health: -1/62      AC:  6    Str: 17    XL:     8   Next: 58%
Magic:  8/8        EV: 13    Int: 13    God:    Cheibriados [*.....]
Gold:   111        SH:  0    Dex: 22    Spells: 7/7 levels left

rFire    . . .     SeeInvis .   a - +1 quarterstaff
rCold    . . .     Faith    .   (shield currently unavailable)
rNeg     . . .     Spirit   .   i - +0 ring mail
rPois    .         Reflect  .   c - +0 helmet
rElec    .         Harm     .   (no cloak)
rCorr    .         Rampage  .   (no gloves)
Will     .....                  (no boots)
Stlth    ..........             e - amulet of regeneration
HPRegen  1.20/turn              b - +6 ring of dexterity
MPRegen  0.11/turn              (no ring)

@: brilliant, silenced, slowed, very slow
A: fangs 1, wild magic 1
a: Renounce Religion


You were on level 5 of the Dungeon.
You worshipped Cheibriados.
Cheibriados was aware of your devotion.
You visited 1 branch of the dungeon, and saw 6 of its levels.
You also visited: Sewer.

You collected 111 gold pieces.

Inventory:

Hand Weapons
 a - a +1 quarterstaff (weapon)
Missiles
 f - 2 javelins (quivered)
 t - 47 stones
Armour
 c - a +0 helmet (worn)
 i - a +0 ring mail (worn)
 s - a +0 chain mail
Jewellery
 b - a +6 ring of dexterity (left hand)
 e - an amulet of regeneration (around neck)
Scrolls
 q - a scroll of torment {unknown}
Potions
 m - a potion of resistance


   Skills:
 + Level 5.2 Fighting
 + Level 8.4 Staves
 - Level 2.0 Throwing
 + Level 3.9 Dodging


You had 7 spell levels left.
You didn't know any spells.
Your spell library was empty.

Dungeon Overview and Level Annotations

Branches:
Dungeon (6/15)              Sewer (visited)
 Temple: D:4-7

Altars:
Cheibriados
Gozag
Kikubaaqudgha
Trog
Uskayaw

Annotations:
D:5 exclusion: 2 downstairs
D:6 Pikel


Innate Abilities, Weirdness & Mutations

You have very sharp teeth.
Your spells are a little harder to cast, but a little more powerful.


Message History

This is a scroll of acquirement!
Something appears at your feet! The wraith closely misses you.
The white imp shouts, "Go and return not, thou mangled beetle-headed barnacle!"
Okay, then.
b - a +6 ring of dexterity The wraith closely misses you.
The wraith hits you. The wraith drains your vigour!
You feel as though you will be slow longer.
As you read the scroll labelled OZUUBE OWIMU, it crumbles to dust.
A profound silence engulfs you.
It was a scroll of silence.
The wraith misses you.
Magic scrolls do not work when you're silenced!
Unknown command.
The wraith hits you!
* * * LOW HITPOINT WARNING * * *
The wraith drains your vigour!
You feel as though you will be slow longer.
The wraith hits you.
* * * LOW HITPOINT WARNING * * *
The wraith drains your vigour!
You feel as though you will be slow longer.
You sock the wraith! Your bite misses the wraith.
The wraith is heavily damaged.
The wraith hits you.
* * * LOW HITPOINT WARNING * * *
You hit the wraith but do no damage.
The wraith is heavily damaged.
The wraith hits you but does no damage.
You completely miss the wraith.
The wraith is heavily damaged.
The wraith hits you but does no damage. The wraith hits you!
* * * LOW HITPOINT WARNING * * *
The wraith drains your vigour!
You feel as though you will be slow longer.
You feel agile.
b - a +6 ring of dexterity (left hand)
You hit the wraith but do no damage.
The wraith is heavily damaged.
The wraith hits you!
You die...

#.# #.# #.# #.# #.# #.#
######## #.# #.# #......#
#.# ######.# ##.###.# #)#
#......# #.# #.# #[###
#.####.# #.# #.#
.)..#####.#...#######.###.#
....'...........@W5..>....#
....#####.#.#.#######.#####
....# #.#.#.# #.# ....#
#.#.#.. ..# ....###
#.#.########### .......
..#.###....# ....###
###........# #####
#####.#### # #.# ######


You could see a wraith and a white imp.

Vanquished Creatures
  Sigmund (D:5)
  Purgy (Sewer)
  A black bear (D:5)
  2 necrophages (D:5)
  A phantom (D:5)
  A lemure (D:6)
  A scorpion (D:5)
  A water moccasin zombie (D:5)
  A bullfrog zombie (D:5)
  2 hounds
  A jelly (D:5)
  A bullfrog skeleton (D:5)
  An orc priest (D:5)
  A centaur skeleton (D:5)
  Natasha (D:3)
  A scorpion zombie (D:5)
  An orc wizard (D:5)
  2 hound skeletons (D:4)
  A river rat (D:3)
  A shadow imp (D:5)
  An ufetubus (D:5)
  A worm (D:4)
  2 dart slugs (D:4)
  13 orcs
  3 bats
  3 giant cockroaches
  2 goblins
  A hobgoblin (D:4)
  A quokka (D:3)
  2 ball pythons
  4 frilled lizards (Sewer)
  7 rats
63 creatures vanquished.

Vanquished Creatures (others)
  2 orc wizards (D:5)
  A plant (D:3)
3 creatures vanquished.

Grand Total: 66 creatures vanquished

Notes
Turn   | Place    | Note
-------+----------+-------------------------------------------
     0 | D:1      | nxtlvl the Human Gladiator began the quest for the Orb.
     0 | D:1      | Reached XP level 1. HP: 16/16 MP: 1/1
   137 | D:3      | Reached XP level 2. HP: 22/22 MP: 2/2
   137 | D:3      | Noticed Natasha
   143 | D:3      | Killed Natasha
   144 | D:3      | Reached skill level 4 in Staves
   144 | D:3      | Reached XP level 3. HP: 27/27 MP: 3/3
   361 | D:3      | Found a glowing drain.
   369 | D:3      | Reached XP level 4. HP: 33/33 MP: 4/4
   384 | Sewer    | Entered a sewer
   469 | Sewer    | Noticed Purgy
   485 | Sewer    | Killed Purgy
   486 | Sewer    | Reached skill level 5 in Staves
   486 | Sewer    | Reached XP level 5. HP: 37/38 MP: 5/5
   632 | D:4      | Found a bloodstained altar of Trog.
   635 | D:4      | Found an opulent altar of Gozag.
   650 | D:4      | Found a hide-covered altar of Uskayaw.
   654 | D:4      | Found an ancient bone altar of Kikubaaqudgha.
   662 | D:4      | Reached skill level 6 in Staves
   780 | D:4      | Reached XP level 6. HP: 44/44 MP: 6/6
   818 | D:4      | Found a snail-covered altar of Cheibriados.
   844 | D:4      | Became a worshipper of Cheibriados the Contemplative
   874 | D:5      | Entered Level 5 of the Dungeon
   937 | D:5      | Noticed Sigmund
   950 | D:5      | Killed Sigmund
   951 | D:5      | Reached skill level 7 in Staves
   951 | D:5      | Reached XP level 7. HP: 38/52 MP: 7/7
  1022 | D:6      | Noticed a wraith
  1207 | D:5      | Reached skill level 8 in Staves
  1207 | D:5      | Reached XP level 8. HP: 55/61 MP: 8/8
  1252 | D:5      | Reached * piety under Cheibriados
  1298 | D:6      | Noticed Pikel
  1409 | D:5      | Reached skill level 5 in Fighting
  1652 | D:5      | Gained mutation: You have very sharp teeth. [potion of
                  | mutation]
  1652 | D:5      | Gained mutation: Your spells are a little harder to cast,
                  | but a little more powerful. [potion of mutation]
  1660 | D:5      | Identified a scroll of acquirement
  1660 | D:5      | Acquired a +6 ring of dexterity
  1668 | D:5      | Slain by a wraith

Illustrated notes

Levels and vault maps discovered:
D:1:      lightli_arrival_lavapool, layout_loops_corners,
          dreamdust_ecumenical_altar_drowned_temple
D:2:      layout_loops_ring, minmay_cupped
D:3:      minmay_goblin_kobold_castle, layout_basic, portal_sewer_entry_e,
          chequers_big_river, uniq_natasha
D:4:      layout_basic, cheibrodos_worm_habitat,
          mainiacjoe_overflow_large_starburst, grunt_temple_overflow_open,
          hangedman_decor_peaks_small
D:5:      layout_basic, minmay_misc_feat_tower, uniq_sigmund
D:6:      layout_rooms, lexackson_kobold_supper, uniq_pikel

Skill      XL: |  1  2  3  4  5  6  7  8 |
---------------+-------------------------+-----
Staves         | 4 5 6 7 8 |  8.4
Fighting       | 3 4 5 |  5.2
Throwing       | |  2.0
Dodging        | |  3.9

Action                   |  1- 3 |  4- 6 |  7- 9 || total
-------------------------+-------+-------+-------++-------
Melee: Quarterstaff      |    50 |    90 |   170 ||   310
Throw: Throwing net      |     2 |     3 |       ||     5
       Javelin           |       |       |     3 ||     3
  Use: Potion            |       |     2 |     8 ||    10
       Scroll            |       |       |     4 ||     4
 Stab: Held in net/web   |     1 |     2 |       ||     3
       Invisible         |       |     2 |     3 ||     5
Armor: Leather armour    |     8 |       |       ||     8
       Ring mail         |     6 |    27 |    54 ||    87
Dodge: Dodged            |    29 |    34 |    75 ||   138
